AoeStats
← Artorius

Arabia

507340905Analyzed
1v1 RM · 16d ago on Sep 17, 2026· 43m 4s· 2 players
Game mode
Random Map
Map size
Tiny (2 player)
Population
200
Speed
Normal
Resources
Standard
Victory
Conquest
Starting age
Dark Age
Ending age
Imperial Age
RankedLock teamsTeams togetherTeam positionsShared explorationLock speedFull tech treeHidden civsTurbo modeCheats
Victory
Defeat
🇩🇪 Magyars · Germany
983
+15
🇧🇷 Lithuanians · Brazil
954
-15
elieletraud
7:11 Loom
10:00 Feudal Age
10:51 Horse Collar
11:02 Double-Bit Axe
20:34 Wheelbarrow
23:00 Castle Age
25:35 Scale Barding Armor
25:41 Forging
28:13 Scale Mail Armor
28:09 Pikeman
29:14 Chain Mail Armor
29:36 Gold Mining
29:37 Stone Mining
35:30 Chain Barding Armor
35:45 Iron Casting
38:14 Bloodlines
Artorius
6:52 Loom
9:57 Feudal Age
15:11 Bloodlines
21:38 Castle Age
19:45 Double-Bit Axe
19:52 Horse Collar
20:37 Scale Barding Armor
21:37 Gold Mining
21:56 Light Cavalry
23:11 Husbandry
32:08 Chain Barding Armor
34:32 Gold Shaft Mining
36:50 Stone Mining
38:08 Sanctity
38:44 Heavy Plow
Connection lost

Rejoining the realm…

Still unreachable

The connection could not be restored.

Session expired

The server has moved on; the page needs a fresh start.